 Dungeon Crawl Stone Soup version 0.30-a0-1075-gcd70e7a56d (webtiles) character file.

Game seed: 14347814482059827115

139 CowFu the Cudgeller (level 5, -12/45 HPs)
             Began as a Draconian Monk on Apr 15, 2023.
             Killed by divine providence
             ... invoked by an orc priest
              (14 damage)
             ... on level 4 of the Dungeon.
             The game lasted 00:02:08 (2750 turns).

CowFu the Cudgeller (Draconian Monk)                Turns: 2750, Time: 00:02:08

Health: -12/45     AC:  7    Str: 15    XL:     5   Next: 1%
Magic:  5/5        EV: 12    Int: 11    God:
Gold:   24         SH:  3    Dex: 13    Spells: 4/4 levels left

rFire   . . .      SeeInvis .    a - +0 mace
rCold   . . .      Faith    .    g - +0 buckler
rNeg    . . .      Spirit   .    (body armour unavailable)
rPois   .          Reflect  .    (helmet restricted)
rElec   .          Rampage  .    (no cloak)
rCorr   .                        (no gloves)
Will    .....                    i - +1 pair of boots
Stlth   ++                       (no amulet)
HPRegen 0.27/turn                (no ring)
MPRegen 0.09/turn                (no ring)

@: no status effects
A: AC +5, unfitting armour, cold-blooded
a: no special abilities


You were on level 4 of the Dungeon.
You visited 1 branch of the dungeon, and saw 4 of its levels.

You collected 98 gold pieces.
You spent 74 gold pieces at shops.

Inventory:

Hand Weapons
 a - a +0 mace (weapon)
Armour
 c - an orb of light
 g - a +0 buckler (worn)
 i - a +1 pair of boots (worn)
Jewellery
 e - a ring of see invisible
 p - a ring of flight
Scrolls
 d - 2 scrolls of blinking {unknown}
 f - 2 scrolls of poison {unknown}
 h - a scroll of torment {unknown}
 m - 2 scrolls of enchant weapon {unknown}
 n - 4 scrolls of identify {unknown}
 r - a scroll of fear
 t - 2 scrolls of teleportation {unknown}
 w - a scroll of brand weapon {unknown}
 x - a scroll of summoning {unknown}
 y - a scroll of enchant armour {unknown}
 z - a scroll of noise {unknown}
Potions
 b - a potion of ambrosia
 j - a potion of invisibility {unknown}
 k - a potion of berserk rage {unknown}
 l - a potion of might {unknown}
 o - a potion of mutation {unknown}
 q - a potion of heal wounds {unknown}
 s - a potion of attraction {unknown}
 u - a potion of curing
 v - a potion of brilliance {unknown}


   Skills:
 - Level 3.2 Fighting
 + Level 5.7 Maces & Flails
 - Level 2.6 Dodging
 - Level 1.7 Stealth


You had 4 spell levels left.
You didn't know any spells.
Your spell library contained the following spells:

 Spells                   Type           Power      Damage    Failure   Level
 Shock                    Conj/Air       0%         1d3       43%         1
 Cigotuvi's Dreadful Rot  Necr/Pois/Air  0%         N/A       58%         2
 Lesser Beckoning         Tloc           0%         N/A       58%         2
 Gell's Gravitas          Tloc           0%         N/A       82%         3
 Ignite Poison            Fire/Tmut/Pois 0%         N/A       82%         3
 Swiftness                Air            0%         N/A       82%         3
 Teleport Other           Tloc           0%         N/A       82%         3
 Vhi's Electric Charge    Tloc/Air       0%         N/A       82%         3
 Airstrike                Air            0%         2d(0-16)  99%         4
 Animate Dead             Necr           0%         N/A       99%         4
 Arcjolt                  Conj/Air       0%         1d10      100%        5
 Borgnjor's Vile Clutch   Necr/Erth      0%         N/A       100%        5
 Freezing Cloud           Conj/Ice/Air   0%         6-21      100%        5
 Death Channel            Necr           0%         N/A       100%        6
 Maxwell's Capacitive Co  Air            0%         ∞         100%        8


Dungeon Overview and Level Annotations

Branches:
Dungeon (4/15)
 Temple: D:4-7

Altars:
Makhleb

Shops:
D:2 ?*   D:3 [


Innate Abilities, Weirdness & Mutations

Your plain brown scales are hard. (AC +5)
You cannot fit into any form of body armour.
You are cold-blooded and may be slowed by cold attacks.


Message History

You block the orc's attack.
You hit the orc wizard.
Your tail-slap misses the orc wizard.
The orc wizard is moderately wounded.
The orc wizard gestures at you while chanting.
The magic dart hits you but does no damage.
You block the orc's attack. The ufetubus attacks as you move away!
The ufetubus barely misses you. The ufetubus misses you.
The orc priest invokes the aid of Beogh against you.
Beogh smites you!
The orc priest calls upon Beogh to heal the orc wizard.
The orc wizard's wounds heal themselves!
The ufetubus misses you. x2
The orc priest casts a cantrip, but nothing happens.
The ufetubus hits you but does no damage.
The ufetubus hits you. The ufetubus barely misses you.
The ufetubus hits you but does no damage.
The orc priest begins to cast a cantrip, but forgets the words!
The orc priest invokes the aid of Beogh against you.
Beogh smites you! The hound bites you but does no damage.
The ufetubus misses you.
The ufetubus hits you but does no damage.
The hound attacks as you move away! The hound closely misses you.
The hound closely misses you. The ufetubus barely misses you.
You block the ufetubus's attack. The ufetubus attacks as you move away!
The ufetubus misses you. x2
The hound attacks as you move away! The hound misses you.
The hound bites you but does no damage. The ufetubus barely misses you.
The ufetubus closely misses you. The hound attacks as you move away!
The hound bites you. x2
The hound attacks as you move away! The hound barely misses you.
The orc priest calls down the wrath of Beogh upon you.
Beogh smites you!
* * * LOW HITPOINT WARNING * * *
The hound bites you.
* * * LOW HITPOINT WARNING * * *
The orc priest invokes the aid of Beogh against you.
Beogh smites you!
You die...

##.# #.# #.# ##.#
####..######.
##>...........
##........####...
#...#...### #..
##.#####@.# #..
#<## ##h## #.#
#....## ##5## #.#
##### ####.####.#
#.....o##.########
#.####.....o.##...
#. #............ #
##..o..#.....
#..g####....


You could see a hound, an orc priest and an ufetubus.

Vanquished Creatures
  A hound (D:4)
  3 adders
  2 worms (D:3)
  4 dart slugs
  An orc (D:3)
  4 bats (D:1)
  8 endoplasms
  2 giant cockroaches
  4 goblins
  5 hobgoblins
  4 jackals (D:3)
  5 kobolds
  6 quokkas
  7 ball pythons
  A frilled lizard (D:2)
  4 rats
61 creatures vanquished.

Vanquished Creatures (others)
  7 plants (D:3)
7 creatures vanquished.

Grand Total: 68 creatures vanquished

Notes
Turn   | Place    | Note
-------+----------+-------------------------------------------
     0 | D:1      | CowFu the Draconian Monk began the quest for the Orb.
     0 | D:1      | Reached XP level 1. HP: 19/19 MP: 1/1
   214 | D:1      | Reached XP level 2. HP: 25/26 MP: 2/2
   507 | D:1      | Reached skill level 4 in Maces & Flails
  1043 | D:2      | Found Uhom's Magic Scroll Emporium.
  1065 | D:2      | Bought a scroll of fear for 44 gold pieces
  1165 | D:2      | Reached XP level 3. HP: 31/31 MP: 3/3
  1483 | D:2      | Found Xouby's General Store.
  1491 | D:2      | Bought a potion of curing for 30 gold pieces
  1828 | D:3      | Found Dexeb's Antique Armour Shop.
  1856 | D:3      | Reached XP level 4. HP: 25/38 MP: 4/4
  1860 | D:3      | Reached skill level 5 in Maces & Flails
  2363 | D:3      | Found a burning altar of Makhleb.
  2699 | D:4      | Reached XP level 5. HP: 39/45 MP: 5/5
  2748 | D:4      | HP: 2/45 [orc priest/divine providence (13)]
  2750 | D:4      | Killed from afar by an orc priest

Illustrated notes

Levels and vault maps discovered:
D:1:      shiori_shiawase, layout_loops_corners
D:2:      layout_basic, serial_shops, nicolae_shop_statue_plus, shop
D:3:      layout_rooms, mainiacjoe_overflow_alcove_4, serial_shops,
          nicolae_shop_advertising_works [nicolae_subvault_shop_adworks],
          serial_bayou_lagoon_a, minmay_curled_crystal
D:4:      layout_layer_cave, mainiacjoe_overflow_surrounded_room,
          zin_scriptorium, minmay_temple_entry_overgrown

Skill      XL: |  1  2  3  4 |
---------------+-------------+-----
Maces & Flails | 4 5 |  5.7
Fighting       | |  3.2
Dodging        | |  2.6
Stealth        | |  1.7

Action                     |  1- 3 |  4- 6 || total
---------------------------+-------+-------++-------
  Melee: Mace              |    94 |    88 ||   182
         Tailslap          |     6 |     7 ||    13
   Stab: Sleeping          |     3 |     2 ||     5
 Armour: Skin              |    31 |    39 ||    70
  Dodge: Dodged            |    67 |    65 ||   132
  Block: Buckler           |    16 |    20 ||    36

Table legend: (Time is in decaauts)
 A = Elapsed time spent in this place.
 B = Non-inter-level travel time spent in this place.
 C = Inter-level travel time spent in this place.
 D = Time resting spent in this place.
 E = Time spent auto-exploring this place.
 F = Levels seen in this place.
 G = Mean time per level.
                   A        B        C        D        E       F      G
               +--------+--------+--------+--------+--------+-----+--------+
         Total |   2792 |   2724 |     68 |      0 |   2222 |   4 |  698.0 |
       Dungeon |   2792 |   2724 |     68 |      0 |   2222 |   4 |  698.0 |
               +--------+--------+--------+--------+--------+-----+--------+

Top non-repeatable levels by time:
     D:1: 1015 daAuts
     D:3: 855 daAuts
     D:2: 788 daAuts
     D:4: 134 daAuts
